Map: Lost and Found LE

Players

Serral - Winner!

  • Race: Zerg Zerg
  • Spawn Location: 1:00

sOs

  • Race: Protoss Protoss
  • Spawn Location: 7:00

Event: 2018 WCS Global Finals

VOD

Have the link to the VOD?

Description

Time

  • Played on: Oct. 26, 2018, 2:55 p.m.
  • Length: 6:40

All games in this series

Show
View Real Time Build Order
Export as new Build Order

Serral Zerg - Winner!

Build Orders: Hatch First 

Get SALT Encoding   

  12  0:00  Drone  
  13  0:12  Overlord  
  13  0:16  Drone  
  14  0:30  Drone  
  14  0:31  Drone  
  16  0:48  Hatchery  
  15  0:51  Drone  
  15  0:55  Drone  
  17  0:58  Drone  
  18  1:09  Extractor  
  17  1:13  Spawning Pool  
  17  1:16  Drone  
  17  1:19  Drone  
  18  1:27  Drone  
  19  1:45  Drone  
  20  1:53  Drone  
  21  2:00  Drone  
  22  2:01  Queen  
  24  2:19  Zergling x2  
  25  2:23  Overlord  
  25  2:31  Queen  
  25  2:35  Drone  
  28  2:46  Drone x4  
  28  2:47  Drone  
  33  3:02  Hatchery  
  33  3:04  Drone  
  33  3:06  Drone  
  33  3:09  Drone  
  35  3:13  Overlord  
  35  3:15  Drone  
  36  3:25  Overlord  
  36  3:32  Drone  
  36  3:33  Drone x4  
  36  3:34  Queen  
  41  3:37  Metabolic Boost  
  41  3:39  Drone  
  44  3:44  Drone  
  44  3:46  Overlord  
  44  3:47  Drone  
  46  3:49  Drone x2  
  46  3:53  Drone x2  
  50  3:57  Overlord  
  50  4:06  Drone x2  
  50  4:09  Queen  
  52  4:12  Drone x3  
  52  4:14  Overlord  
  52  4:16  Zergling x2  
  58  4:23  Overlord  
  58  4:24  Drone, Queen  
  59  4:27  Drone  
  59  4:30  Overlord  
  62  4:32  Lair  
  62  4:35  Extractor  
  62  4:37  Drone x2, Extractor  
  62  4:39  Drone  
  62  4:41  Drone x3  
  66  4:45  Roach Warren  
  66  4:49  Drone x3  
  66  4:50  Drone  
  66  4:51  Drone  
  70  4:56  Overlord x2  
  70  4:58  Drone  
  71  5:05  Evolution Chamber, Extractor  
  69  5:08  Drone x3  
  72  5:14  Drone  
  72  5:16  Overlord x2  
  73  5:26  Roach x6  
  84  5:30  Roach  
  84  5:32  Overseer  
  84  5:35  Overseer  
  86  5:39  Overlord  
  86  5:40  Roach x2  
  90  5:48  Drone x4  
  94  5:50  Extractor, Hatchery  
  94  5:53  Roach x2  
  96  5:58  Roach  
  96  5:59  Roach  
  96  6:03  Roach x2  
  104  6:07  Roach  
  104  6:10  Overlord x2  
  106  6:13  Roach x3  
  106  6:18  Roach x2  
  116  6:21  Overlord  
Show
View Real Time Build Order
Export as new Build Order

sOs Protoss 

Build Orders: Cannon Rush 

Get SALT Encoding   

  12  0:00  Probe  
  13  0:12  Probe  
  14  0:17  Pylon  
  14  0:24  Probe  
  15  0:32  Probe  
  15  0:39  Forge  
  15  0:40  Probe  
  17  0:51  Probe  
  18  1:03  Probe  
  19  1:13  Pylon  
  19  1:31  Photon Cannon  
  19  1:37  Pylon  
  19  1:42  Photon Cannon  
  19  1:48  Photon Cannon  
  19  1:50  Photon Cannon  
  19  1:51  Photon Cannon  
  18  1:58  Photon Cannon  
  18  2:00  Probe  
  19  2:07  Photon Cannon  
  19  2:14  Nexus  
  19  2:18  Probe  
  20  2:23  Gateway  
  20  2:26  Probe  
  20  2:29  Assimilator  
  20  2:31  Assimilator  
  20  2:34  Probe  
  21  2:42  Photon Cannon  
  22  2:46  Probe  
  23  2:58  Probe  
  23  3:10  Cybernetics Core, Zealot, Probe  
  26  3:20  Probe  
  26  3:22  Probe  
  26  3:23  Pylon  
  28  3:28  Probe  
  28  3:30  Probe  
  29  3:36  Probe  
  29  3:41  Probe  
  31  3:45  Stalker  
  31  3:47  Stargate  
  34  3:49  Warp Gate  
  34  3:50  Probe  
  34  3:51  Probe  
  36  3:58  Probe  
  37  4:03  Probe  
  37  4:04  Pylon  
  37  4:09  Probe  
  38  4:14  Twilight Council  
  38  4:16  Probe  
  40  4:21  Probe  
  40  4:23  Robotics Facility  
  41  4:32  Gateway  
  41  4:36  Gateway  
  41  4:39  Phoenix  
  41  4:40  Charge  
  41  4:44  Gateway  
  43  4:51  Gateway  
  43  5:00  Gateway  
  43  5:05  Warp Prism  
  43  5:07  Gateway  
  43  5:09  Gateway  
  45  5:23  Pylon  
  45  5:39  Nexus, Pylon  
  45  5:54  Zealot x2  
  45  5:55  Zealot x4  
  57  5:57  Pylon  
  57  6:16  Zealot x2  
  57  6:17  Zealot x6  
  73  6:23  Pylon  
  73  6:24  Pylon  
Tags
 
Add a new tag
Caveats
  • Supply blocks, unpowered buildings, or Contaminate may cause inaccurate times.
  • Supply counts are checked every 10 seconds.